 Dungeon Crawl Stone Soup version 0.20.1-1-g8b1a95d (webtiles) character file.

84 Fondut the Sneak (level 4, 0/21 HPs)
             Began as a Spriggan Enchanter on Nov 28, 2017.
             Slain by a ball python (1 damage)
             ... on level 3 of the Dungeon.
             The game lasted 00:09:57 (3046 turns).

Fondut the Sneak (Spriggan Enchanter)               Turns: 3046, Time: 00:09:58

Health: 0/21       AC:  2    Str:  4    XL:     4   Next: 23%
Magic:  1/10       EV: 15    Int: 17    God:
Gold:   83         SH:  0    Dex: 16    Spells: 1/10 levels left

rFire    . . .     SeeInvis +   a - +1 dagger
rCold    . . .     Gourm    .   (shield restricted)
rNeg     . . .     Faith    .   h - +0 robe
rPois    .         Spirit   .   (helmet restricted)
rElec    .         Reflect  .   (no cloak)
rCorr    .         Harm     .   (gloves unavailable)
MR       .....                  (boots unavailable)
Stlth    +++.......             (no amulet)
Regen    0.1/turn               (no ring)
MPRegen  0.2/turn               (no ring)

@: constricted, very quick
A: unfitting armour, see invisible, herbivore 3, speed 3, slow metabolism 2
a: no special abilities


You were on level 3 of the Dungeon.
You were near starving.

You visited 1 branch of the dungeon, and saw 3 of its levels.

You collected 83 gold pieces.

Inventory:

Hand Weapons
 a - a +1 dagger (weapon)
 b - a +0 hunting sling
 m - a +2 short sword of venom
Missiles
 i - 28 stones (quivered)
Armour
 h - a +0 robe (worn)
Jewellery
 s - an uncursed amulet of magic regeneration {unknown}
Scrolls
 e - 2 scrolls of teleportation {unknown}
 f - a scroll of enchant weapon {unknown}
 n - 2 scrolls of recharging {unknown}
 r - a scroll of remove curse {unknown}
 t - a scroll of enchant armour {unknown}
Potions
 g - a potion of might {unknown}
 j - 2 potions of agility {unknown}
 k - a potion of invisibility {unknown}
 o - a potion of degeneration {unknown}
 p - a potion of lignification {unknown}
 q - a potion of haste {unknown}
Books
 c - a book of Maledictions

   Spells                             Type                      Level
   a - Corona                         Hexes                        1
   b - Ensorcelled Hibernation        Hexes/Ice                    2
   c - Confuse                        Hexes                        3
   d - Tukima's Dance                 Hexes                        3
   e - Dazzling Spray                 Conjuration/Hexes            3
Comestibles
 d - 4 bread rations
 l - 2 royal jellies


   Skills:
 - Level 1.1 Short Blades
 - Level 3.0 Dodging
 + Level 5.4 Stealth
 + Level 3.6 Spellcasting
 * Level 5.0 Hexes


You had one spell level left.
You knew the following spells:

 Your Spells              Type           Power        Failure   Level  Hunger
a - Corona                Hex            ###....      1%          1    None
b - Ensorcelled Hibernat  Hex/Ice        ##....       9%          2    ##.....
c - Confuse               Hex            ###.....     6%          3    ###....
d - Tukima's Dance        Hex            ###.....     6%          3    ###....


Dungeon Overview and Level Annotations

Branches:
Dungeon (3/15)

Altars:

Annotations:
D:3 Jonoleth's ghost, amateur FoFi; Sigmund


Innate Abilities, Weirdness & Mutations

You are very small and have problems with some larger weapons.
You are too small for most types of armour.
You have supernaturally acute eyesight. (SInv)
You are a herbivore.
You cover ground extremely quickly.
You need consume almost no food.


Message History

You impale Sigmund!!
Sigmund is almost dead.
Sigmund gestures at you while chanting. The puff of flame misses you.
The ball python barely misses you. The ball python misses you.
You hit Sigmund but do no damage.
Sigmund is almost dead.
Sigmund misses you. The ball python closely misses you.
The ball python grabs you.
* * * LOW HITPOINT WARNING * * *
The ball python constricts you.
You hit Sigmund but do no damage.
Sigmund is almost dead.
The ball python misses you.
* * * LOW HITPOINT WARNING * * *
The ball python constricts you.
You barely miss Sigmund.
Sigmund is almost dead.
Sigmund misses you. The ball python closely misses you.
You die...

##.# ####...#### ##.#
######...........# ##.#
#...##............
##.####...##..........#.
..........+........(..'.
...###......#..8......#
####.......###........##
#.#.[.#.# #..8.#.....
#.#.....# +..@@...... #
#.#<....# #..8S..(... #
#.#.#.#.###..........
####.#.#.#W.#..8....####
..##...#.##.........#
#.####.#.###).......##
#...##.#.###.......... #
###.##...#............ @
..#<##.###......###.. .


You could see Sigmund and a ball python.

Vanquished Creatures
  3 adders
  3 dart slugs
  A leopard gecko (D:2)
  An orc (D:3)
  A ball python (D:1)
  6 bats
  5 giant cockroaches
  3 goblins (D:3)
  7 hobgoblins
  6 kobolds
  A quokka (D:3)
  3 frilled lizards
  7 rats
47 creatures vanquished.

Vanquished Creatures (collateral kills)
  2 orcs (D:3)
2 creatures vanquished.

Grand Total: 49 creatures vanquished

Notes
Turn   | Place    | Note
-------+----------+-------------------------------------------
     0 | D:1      | Fondut the Spriggan Enchanter began the quest for the Orb.
     0 | D:1      | Reached XP level 1. HP: 9/9 MP: 5/5
   628 | D:1      | Reached XP level 2. HP: 12/13 MP: 4/6
   632 | D:1      | Learned a level 2 spell: Ensorcelled Hibernation
  1285 | D:1      | Reached skill level 5 in Stealth
  1638 | D:2      | Reached XP level 3. HP: 16/16 MP: 8/8
  2080 | D:3      | Noticed Sigmund
  2137 | D:3      | Reached XP level 4. HP: 19/21 MP: 0/10
  2432 | D:3      | Noticed Jonoleth's ghost (amateur FoFi)
  2456 | D:2      | Learned a level 3 spell: Confuse
  2460 | D:2      | Learned a level 3 spell: Tukima's Dance
  2679 | D:3      | Reached skill level 5 in Hexes
  3045 | D:3      | HP: 1/21 [ball python (1)]
  3046 | D:3      | Slain by a ball python

Skill      XL: |  1  2  3  4 |
---------------+-------------+-----
Hexes          | 4 5 |  5.0
Spellcasting   | 3 |  3.6
Stealth        | 5 |  5.4
Short Blades   | |  1.1
Dodging        | |  3.0

Action                   |  1- 3 |  4- 6 || total
-------------------------+-------+-------++-------
Melee: Dagger            |   105 |    32 ||   137
 Fire: Hunting sling     |     7 |       ||     7
 Cast: Corona            |     6 |       ||     6
       Ensorcelled Hiber |    21 |    13 ||    34
       Tukima's Dance    |       |     2 ||     2
       Confuse           |       |     1 ||     1
 Stab: Sleeping          |    21 |     6 ||    27
       Distracted        |     3 |     1 ||     4
Armor: Robe              |    19 |     1 ||    20
Dodge: Dodged            |    90 |    52 ||   142
